 Dungeon Crawl Stone Soup version 0.31-a0-455-g1a7b003ef0 (webtiles) character file.

Game seed: 913376834367378310

1845 Zonian the Ruffian (level 9, -9/64 HPs)
             Began as an Octopode Shapeshifter on Aug 4, 2023.
             Was a Follower of Ashenzari.
             Mangled by a sixfirhy (10 damage)
             ... summoned by a kobold demonologist
             ... on level 7 of the Dungeon.
             The game lasted 00:12:24 (7472 turns).

Zonian the Ruffian (Octopode Shapeshifter)          Turns: 7472, Time: 00:12:32

Health: -9/64      AC:  1    Str: 19    XL:     9   Next: 12%
Magic:  9/9        EV: 13    Int: 10    God:    Ashenzari [*.....]
Gold:   349        SH:  5    Dex: 12    Spells: 8/8 levels left

rFire   . .          .
                       - Unarmed
rCold   + . .        (no shield)
rNeg    . . .        (helmet currently unavailable)
rPois   .            e - amulet of Star-Bound Wisdom {Reflect SH+5, Dev, Comp} (curse)
rElec   .            v - ring of the Cryptic Vision {rC+, Bglg, Self} (curse)
rCorr   .            (no ring)
SInv    .            (no ring)
Will    .....        (no ring)
Stlth   +++          (no ring)
HPRegen 1.90/turn    (no ring)
MPRegen 0.11/turn    (no ring)
                     (no ring)

%: reflection
@: beast-form
A: beast (slay +4), almost no armour, amphibious, 8 rings, camouflage 1,
gelatinous body 1, (nimble swimmer 1), tentacles, regeneration 2
a: Begin Untransformation, Renounce Religion, Shatter the Chains


You were on level 7 of the Dungeon.
You worshipped Ashenzari.
Ashenzari was aware of your devotion.
You were a hulking beast.
You visited 1 branch of the dungeon, and saw 7 of its levels.

You collected 349 gold pieces.

Inventory:

Missiles
 d - a throwing net
Jewellery
 e - the cursed amulet of Star-Bound Wisdom (around mantle) {Reflect SH+5, Dev, Comp}
   (You found it on level 2 of the Dungeon)

   [amulet of reflection]

   It reflects blocked missile attacks.
   SH:        It affects your SH (+5).
   It has a curse which improves the following skills: Devices: Evocations and
   Shapeshifting.
   Companions: Summonings and Necromancy.
 v - the cursed ring of the Cryptic Vision (left tentacle) {rC+, Bglg, Self}
   (You found it on level 7 of the Dungeon)

   [ring of protection from cold]

   rC:        It protects you from cold.
   It has a curse which improves the following skills: Beguiling: Conjurations,
   Hexes and Translocations.
   Introspection: Fighting and Spellcasting.
 w - a ring of ice
Talismans
 b - a beast talisman (active)
Scrolls
 h - 2 scrolls of noise
 i - 2 scrolls of enchant armour
 j - 2 scrolls of immolation
 k - 2 scrolls of blinking
 n - 3 scrolls of teleportation
 q - a scroll of poison
 x - a scroll of silence
Potions
 a - 2 potions of lignification
 c - 2 potions of cancellation
 g - 4 potions of curing
 l - 2 potions of mutation
 m - a potion of might
 o - a potion of degeneration
 p - a potion of heal wounds
 r - 2 potions of attraction
 s - a potion of ambrosia
 t - a potion of resistance
 u - a potion of brilliance
 z - a potion of berserk rage


   Skills:
 + Level 6.3(7.1) Fighting
 - Level 2.5 Dodging
 - Level 4.0 Stealth
 + Level 7.0 Unarmed Combat
 + Level 6.1(6.9) Shapeshifting


You had 8 spell levels left.
You didn't know any spells.
Your spell library contained the following spells:

 Spells                   Type           Power      Damage    Failure   Level
 Cigotuvi's Dreadful Rot  Necr/Pois/Air  0%         N/A       50%         2
 Ozocubu's Armour         Ice            0%         N/A       75%         3
 Stone Arrow              Conj/Erth      0%         3d7       75%         3
 Vhi's Electric Charge    Tloc/Air       0%         N/A       75%         3
 Dispel Undead            Necr           0%         3d6       98%         4
 Arcjolt                  Conj/Air       0%         1d10      100%        5
 Metabolic Englaciation   Hex/Ice        0%         N/A       100%        5
 Death Channel            Necr           0%         N/A       100%        6
 Simulacrum               Ice/Necr       0%         N/A       100%        6
 Lehudib's Crystal Spear  Conj/Erth      0%         10d2      100%        8
 Maxwell's Capacitive Co  Air            0%         ∞         100%        8
 Animate Armour           Summ/Erth      Unusable   N/A       N/A         4

Dungeon Overview and Level Annotations

Branches:
Dungeon (7/15)
 Temple: D:4-7

Altars:
Ashenzari
Kikubaaqudgha
Makhleb
Qazlal
Trog
Wu Jian
Yredelemnul
Zin

Shops:
D:3 (

Annotations:
D:3 2 transporters, hgbash's ghost, amateur GrEE
D:6 3 runed translucent doors, Vomitron's ghost, novice KoBr; pigah's ghost, novice OpSh


Innate Abilities, Weirdness & Mutations

You are a hulking beast.
Your limbs bulge with bestial killing power. (Slay +4)
You cannot wear most types of armour.
You are amphibious.
You can wear up to eight rings at the same time.
Your skin changes colour to match your surroundings (Stealth+).
Your rubbery body absorbs attacks. (AC +1, EV +1)
((You are camouflaged when in or above water. (Stealth+)))
You have tentacles for arms and can constrict up to eight enemies at once.
You heal very quickly.


Message History

The bullfrog is moderately wounded.
You constrict the bullfrog. The bullfrog barely misses you.
The bullfrog closely misses you.
You bludgeon the bullfrog!
The bullfrog is almost dead.
You constrict the bullfrog.
You kill the bullfrog!
The kobold demonologist shouts!
Your Unarmed Combat skill increases to level 7!
You tentacle-slap the sky beast.
The sky beast is lightly wounded.
The sky beast barely misses you.
You closely miss the sky beast.
The sky beast is lightly wounded.
The kobold demonologist mumbles some strange words.
The sky beast flickers out of sight!
Deactivating autopickup; reactivate with Ctrl-A.
Something hits you. Something shocks you.
Unknown command.
You bludgeon something! The sixfirhy barely misses you. Something hits you.
Something shocks you.
The kobold demonologist hits you with a +0 dagger.
The sixfirhy hits you! The sixfirhy shocks you!
You tentacle-slap something but do no damage.
You block something's attack.
The kobold demonologist hits you with a +0 dagger.
Unknown command.
Unknown command.
You bludgeon something! Your squeeze misses something.
A sky beast appears from thin air!
Reactivating autopickup.
The sky beast completely misses you.
You bludgeon the sky beast!
You kill the sky beast!
The sixfirhy hits you. The sixfirhy shocks you!
* * * LOW HITPOINT WARNING * * *
The sixfirhy barely misses you. The sixfirhy hits you!
* * * LOW HITPOINT WARNING * * *
The sixfirhy shocks you!
You die...

#.########.##.#.#
#..........##.#.########
########.................#
...#
#.####.....####.#.########
##5# #.#
##...##.$#..#........ #5#
#.# ##.##...#.#.#######.
#.# #.## #.#...##.#.# #.
#.#####..## +#.#3K##..#.#
#.
#.........###..h###...#.#
#.
#######........8.........#
#.
.....###...###...###.....#
###. ..##.# #..##
+#.#'.##..#># #... ...#.#
#.## #.#)..##.#.# #.##
.....###.# ##.##.).#.#.#
#.## .......#.#
##...##..#.#.# #.##
.....#.#.####.....####.#<#
#.##
.....#.#.................#
#.##


You could see a kobold demonologist and a sixfirhy (summoned).

Vanquished Creatures
  Eustachio (D:5)
  A water moccasin (D:5)
  2 black bears (D:7)
  3 sky beasts (D:7)
  A centaur (D:7)
  A phantom (D:6)
  3 lemures (D:7)
  A kobold brigand (D:7)
  5 bullfrogs
  A scorpion (D:6)
  A gnoll sergeant (D:6)
  4 hounds
  A jelly (D:5)
  4 iguanas
  A sleepcap (D:7)
  An orc wizard (D:3)
  13 gnolls
  7 adders
  2 ufetubi
  2 worms
  A dart slug (D:3)
  13 orcs
  3 endoplasms
  A giant cockroach (D:4)
  5 goblins
  3 hobgoblins
  4 jackals (D:1)
  3 kobolds
  2 quokkas (D:2)
  6 ball pythons
  7 bats
  5 frilled lizards
  5 rats
113 creatures vanquished.

Notes
Turn   | Place    | Note
-------+----------+-------------------------------------------
     0 | D:1      | Zonian the Octopode Shapeshifter began the quest for the
                  | Orb.
     0 | D:1      | Reached XP level 1. HP: 13/13 MP: 1/1
   142 | D:1      | Reached XP level 2. HP: 15/18 MP: 2/2
   160 | D:1      | You fall into a shaft and drop 1 floor!
  1252 | D:2      | Reached XP level 3. HP: 23/23 MP: 3/3
  1404 | D:2      | Found a faded altar of an unknown god.
  2182 | D:3      | Reached XP level 4. HP: 28/29 MP: 4/4
  2790 | D:3      | Found a transporter.
  2793 | D:3      | Noticed a phantom
  2795 | D:3      | Noticed hgbash's ghost (amateur GrEE)
  2830 | D:3      | Found a burning altar of Makhleb.
  2831 | D:3      | Noticed a balrug
  2835 | D:3      | Found a glowing silver altar of Zin.
  2836 | D:3      | Noticed an angel
  2932 | D:3      | Found a stormy altar of Qazlal.
  2937 | D:3      | Found an ancient bone altar of Kikubaaqudgha.
  2939 | D:3      | Found a broken altar of Ashenzari.
  2947 | D:3      | Found an ornate altar of the Wu Jian Council.
  2952 | D:3      | Became a worshipper of Ashenzari the Shackled
  3013 | D:3      | Found Mysim's Weapon Emporium.
  3068 | D:3      | Found a transporter.
  3256 | D:4      | Found a basalt altar of Yredelemnul.
  3318 | D:4      | Reached XP level 5. HP: 34/35 MP: 5/5
  3596 | D:4      | Reached skill level 4 in Unarmed Combat
  3651 | D:4      | Reached XP level 6. HP: 42/42 MP: 6/6
  3659 | D:4      | Found a bloodstained altar of Trog.
  3996 | D:5      | Entered Level 5 of the Dungeon
  4484 | D:5      | Gained mutation: Your natural rate of healing is unusually
                  | fast. [potion of mutation]
  4484 | D:5      | Gained mutation: You heal very quickly. [potion of
                  | mutation]
  4558 | D:5      | Noticed Eustachio
  4965 | D:5      | Noticed a water moccasin
  4976 | D:5      | Killed a water moccasin
  4977 | D:5      | Reached skill level 5 in Unarmed Combat
  4977 | D:5      | Reached XP level 7. HP: 22/48 MP: 7/7
  5228 | D:5      | Killed Eustachio
  6034 | D:6      | Reached skill level 1 in Stealth
  6045 | D:6      | Reached skill level 5 in Shapeshifting
  6049 | D:6      | Reached XP level 8. HP: 48/54 MP: 8/8
  6182 | D:6      | Reached skill level 5 in Fighting
  6299 | D:6      | Found a runed translucent gate.
  6299 | D:6      | Found a runed translucent gate.
  6299 | D:6      | Found a runed translucent gate.
  6302 | D:6      | Noticed Vomitron's ghost (novice KoBr)
  6302 | D:6      | Noticed pigah's ghost (novice OpSh)
  6756 | D:7      | Reached skill level 6 in Unarmed Combat
  7011 | D:7      | Reached * piety under Ashenzari
  7208 | D:7      | Reached XP level 9. HP: 63/63 MP: 9/9
  7462 | D:7      | Noticed a kobold demonologist
  7466 | D:7      | Reached skill level 7 in Unarmed Combat
  7468 | D:7      | Noticed a sixfirhy
  7472 | D:7      | HP: 1/64 [sixfirhy[a kobold demonologist] (14)]
  7472 | D:7      | Mangled by a sixfirhy

Illustrated notes

Levels and vault maps discovered:
D:1:      dpeg_arrival_water_fire, layout_basic, serial_forest,
          infiniplex_forest_straight_2, infiniplex_forest_end_1,
          infiniplex_forest_straight_3, infiniplex_forest_join,
          infiniplex_forest_clump_C, infiniplex_forest_end_1,
          infiniplex_forest_lined_room_
D:2:      layout_basic, shapermc_ecumenical_altar_totnotflames
D:3:      layout_loops_ring, minitemple,
          grunt_temple_overflow_order_and_chaos_2, gammafunk_ghost_mausoleum,
          serial_shops, shop_statue
D:4:      layout_basic, amcnicky_altar_gilded, lemuel_tele_altar
D:5:      layout_cave_pools, uniq_eustachio
D:6:      layout_loops_ring, gammafunk_ghost_cemetery, minmay_liquid_box
D:7:      cheibrodos_barr_body, layout_loops_ring, temple_hall_moat,
          kennysheep_generic_room_9, uniq_pikel

Skill      XL: |  1  2  3  4  5  6  7  8  9 |
---------------+----------------------------+-----
Fighting       | 2 3 4 6 |  6.3
Unarmed Combat | 4 5 6 7 |  7.0
Shapeshifting  | 4 5 6 |  6.1
Stealth        | 1 4 |  4.0
Dodging        | |  2.5

Action                     |  1- 3 |  4- 6 |  7- 9 || total
---------------------------+-------+-------+-------++-------
  Melee: Unarmed           |    67 |    88 |   116 ||   271
         Constrict         |    15 |    28 |    29 ||    72
         Tentacles         |     7 |    26 |    22 ||    55
         Punch             |     2 |     6 |     6 ||    14
 Invoke: Curse Item        |       |     1 |     1 ||     2
    Use: Scroll            |     2 |     6 |     1 ||     9
         Potion            |       |     2 |     1 ||     3
   Stab: Sleeping          |    11 |       |     6 ||    17
 Armour: Skin              |     6 |     2 |     5 ||    13
  Dodge: Dodged            |    33 |    39 |    61 ||   133
  Block: Other             |       |    10 |    17 ||    27
         Reflection        |       |     1 |       ||     1

Table legend: (Time is in decaauts)
 A = Elapsed time spent in this place.
 B = Non-inter-level travel time spent in this place.
 C = Inter-level travel time spent in this place.
 D = Time resting spent in this place.
 E = Time spent auto-exploring this place.
 F = Levels seen in this place.
 G = Mean time per level.
                   A        B        C        D        E       F      G
               +--------+--------+--------+--------+--------+-----+--------+
         Total |   7448 |   7260 |    188 |   2101 |   3748 |   7 | 1064.0 |
       Dungeon |   7448 |   7260 |    188 |   2101 |   3748 |   7 | 1064.0 |
               +--------+--------+--------+--------+--------+-----+--------+

Top non-repeatable levels by time:
     D:5: 1304 daAuts
     D:4: 1212 daAuts
     D:1: 1082 daAuts
     D:2: 1075 daAuts
     D:3: 1011 daAuts
     D:6: 895 daAuts
     D:7: 866 daAuts
